 Dungeon Crawl Stone Soup version 0.31.0-1-g2c135a0 (webtiles) character file.

Game seed: 12478463326852086950

2571203 subcouture the Shapeless Merfolk (level 27, 249/249 HPs)
             Began as a Merfolk Gladiator on Apr 2, 2024.
             Was the Champion of Wu Jian.
             Escaped with the Orb
             ... and 4 runes on Apr 3, 2024!
             The game lasted 03:53:46 (61652 turns).

subcouture the Shapeless Merfolk (MfGl)            Turns: 61652, Time: 03:53:46

Health: 249/249    AC: 15    Str: 26    XL:     27
Magic:  37/37      EV: 72    Int:  8    God:    Wu Jian [******]
Gold:   1015       SH:  0    Dex: 32    Spells: 35/47 levels left

rFire   . .          .
                       - Unarmed
rCold   . . .        (shield currently unavailable)
rNeg    . . .        m - melded +6 chain mail of Watchfulness {Rampage rN+ SInv Stlth-}
rPois   ∞            (helmet currently unavailable)
rElec   +            N - melded +1 cloak {Stlth+}
rCorr   .            (gloves currently unavailable)
SInv    .            (boots currently unavailable)
Will    ++++.        I - amulet of regeneration
Stlth   ++           X - ring "Horaffow" {Will+ Str+6 Dex+3}
HPRegen 1.41/turn    f - +6 ring of dexterity
MPRegen 0.25/turn

%: random rage (3%)
@: storm-form, flying, hasted (expiring), studying 3 skills, very quick
A: cleaving, insubstantial, flying, (nimble swimmer 2), (mertail), (iridescent
scales 1), berserk 1, strong-willed 1
0: Orb of Zot
}: 4/15 runes: serpentine, barnacled, slimy, silver
a: Blinkbolt, Begin Untransformation, Renounce Religion, Wall Jump, Serpent's
Lash, Heavenly Storm


You escaped.
You worshipped Wu Jian.
Wu Jian was exalted by your worship.
You were a lightning-filled tempest!
You visited 12 branches of the dungeon, and saw 56 of its levels.
You visited the Abyss 1 time.

You collected 8230 gold pieces.
You spent 7215 gold pieces at shops.

Inventory:

Missiles
 v - a throwing net
Armour
 m - the +6 chain mail of Watchfulness (melded) {Rampage rN+ SInv Stlth-}
   (You found it on level 2 of the Dungeon)

   rN+:       It protects you from negative energy.
   SInv:      It lets you see invisible.
   Rampage:   It bestows one free step when moving towards enemies.
   Stlth-:    It makes you less stealthy.
 o - the +0 cloak "Cimaezea" {rN+ Int+3 Dex+3}
   (You found it on level 1 of the Elven Halls)

   Int+3:     It affects your intelligence (+3).
   Dex+3:     It affects your dexterity (+3).
   rN+:       It protects you from negative energy.
 N - a +1 cloak of stealth (melded)
Jewellery
 c - the ring of Attua {Str+3 Int+3 Dex+2 Slay+4}
   (You acquired it on level 4 of the Vaults)

   [ring of slaying]

   Str+3:     It affects your strength (+3).
   Int+3:     It affects your intelligence (+3).
   Dex+2:     It affects your dexterity (+2).
   Slay+4:    It affects your accuracy & damage with ranged weapons and melee
   (+4).
 e - the ring "Ucoump" {rF+ rCorr MP+9 Str-3 Slay+5}
   (You found it on level 3 of the Vaults)

   [ring of magical power]

   Str-3:     It affects your strength (-3).
   Slay+5:    It affects your accuracy & damage with ranged weapons and melee
   (+5).
   rF+:       It protects you from fire.
   MP+9:      It affects your magic capacity (+9).
   rCorr:     It protects you from acid and corrosion.
 f - a +6 ring of dexterity (right fist)
 l - an amulet of reflection
 I - an amulet of regeneration (around neck)
 P - a ring of protection from fire
 X - the ring "Horaffow" (left fist) {Will+ Str+6 Dex+3}
   (You bought it in a shop on level 6 of the Dungeon)

   [ring of strength]

   Str+6:     It affects your strength (+6).
   Dex+3:     It affects your dexterity (+3).
   Will+:     It increases your willpower.
Talismans
 z - the dragon-blood talisman of Ignis's Anger {rF- MP+9 Str+7}
   (You found it on level 3 of the Elven Halls)

   [dragon-blood talisman]

   Str+7:     It affects your strength (+7).
   rF-:       It makes you vulnerable to fire.
   MP+9:      It affects your magic capacity (+9).
 F - a storm talisman (active)
Wands
 b - a wand of mindburst (25)
 E - a wand of charming (74)
 L - a wand of flame (146) (quivered)
 M - a wand of quicksilver (32)
 Q - a wand of iceblast (79)
 V - a wand of polymorph (35)
Scrolls
 h - 9 scrolls of immolation
 i - 8 scrolls of enchant armour
 k - 9 scrolls of poison
 n - 41 scrolls of identify
 p - 4 scrolls of blinking
 q - 2 scrolls of torment
 u - 5 scrolls of silence
 w - 8 scrolls of vulnerability
 x - 15 scrolls of teleportation
 y - 8 scrolls of amnesia
 A - a scroll of revelation
 K - 5 scrolls of enchant weapon
 S - 4 scrolls of summoning
 U - 8 scrolls of fear
 Z - 11 scrolls of fog
Potions
 d - a potion of mutation
 j - 7 potions of lignification
 r - 9 potions of invisibility
 s - 26 potions of curing
 t - 14 potions of ambrosia
 B - 5 potions of resistance
 C - 12 potions of heal wounds
 D - 4 potions of enlightenment
 G - 10 potions of haste
 J - 10 potions of brilliance
 O - 8 potions of berserk rage
 T - 5 potions of cancellation
 W - 2 potions of magic
 Y - 4 potions of might
Miscellaneous
 a - a condenser vane
 g - a phantom mirror
 H - a lightning rod (4/4)


   Skills:
 O Level 27 Fighting
 - Level 2.0 Throwing
 O Level 27 Dodging
 + Level 8.7 Stealth
 O Level 27 Unarmed Combat
 + Level 10.6 Spellcasting
 + Level 12.4 Translocations
 + Level 18.8 Evocations
 O Level 27 Shapeshifting


You had 35 spell levels left.
You knew the following spells:

 Your Spells              Type           Power      Damage    Failure   Level
a - Blink                 Tloc           48%        N/A       1%          2
b - Lesser Beckoning      Tloc           48%        N/A       1%          2
c - Apportation           Tloc           48%        N/A       1%          1
d - Stone Arrow           Conj/Erth      8%         3d7       41%         3
e - Passage of Golubria   Tloc           24%        N/A       1%          4

Your spell library contained the following spells:

 Spells                   Type           Power      Damage    Failure   Level
 Momentum Strike          Conj/Tloc      28%        3d8       1%          2
 Gell's Gravitas          Tloc           24%        N/A       1%          3
 Teleport Other           Tloc           24%        N/A       1%          3
 Manifold Assault         Tloc           24%        N/A       1%          4
 Volatile Blastmotes      Fire/Tloc      28%        2d12      3%          3
 Dimensional Bullseye     Hex/Tloc       7%         N/A       12%         4
 Iskenderun's Mystic Bla  Conj/Tloc      14%        2d5       12%         4
 Dispersal                Tloc           12%        N/A       14%         6
 Freeze                   Ice            16%        1d4       16%         1
 Kiss of Death            Conj/Necr      16%        2d6       16%         1
 Magic Dart               Conj           16%        1d3       16%         1
 Necrotise                Necr           16%        1d4       16%         1
 Sandblast                Erth           8%         2d5       16%         1
 Shock                    Conj/Air       16%        1d4       16%         1
 Sting                    Conj/Alch      16%        1d4       16%         1
 Summon Small Mammal      Summ           16%        N/A       16%         1
 Call Imp                 Summ           8%         N/A       22%         2
 Cigotuvi's Dreadful Rot  Necr/Alch/Air  8%         N/A       22%         2
 Jinxbite                 Hex            8%         N/A       22%         2
 Mercury Vapours          Alch/Air       8%         N/A       22%         2
 Call Canine Familiar     Summ           4%         N/A       41%         3
 Confusing Touch          Hex            4%         N/A       41%         3
 Dazzling Flash           Conj/Hex       8%         N/A       41%         3
 Frozen Ramparts          Ice            8%         1d2       41%         3
 Fugue of the Fallen      Necr           4%         N/A       41%         3
 Hailstorm                Conj/Ice       4%         3d5       41%         3
 Inner Flame              Hex/Fire       4%         N/A       41%         3
 Mephitic Cloud           Conj/Alch/Air  4%         N/A       41%         3
 Ozocubu's Armour         Ice            4%         N/A       41%         3
 Passwall                 Erth           4%         N/A       41%         3
 Sigil of Binding         Hex            4%         N/A       41%         3
 Summon Ice Beast         Ice/Summ       4%         N/A       41%         3
 Swiftness                Air            4%         N/A       41%         3
 Tukima's Dance           Hex            4%         N/A       41%         3
 Vampiric Draining        Necr           4%         2d6       41%         3
 Airstrike                Air            2%         2d(1-17)  83%         4
 Anguish                  Hex/Necr       2%         N/A       83%         4
 Animate Armour           Summ/Erth      8%         N/A       83%         4
 Animate Dead             Necr           4%         N/A       83%         4
 Brom's Barrelling Bould  Conj/Erth      4%         2d3       83%         4
 Cause Fear               Hex            2%         N/A       83%         4
 Dispel Undead            Necr           4%         3d7       83%         4
 Flame Wave               Conj/Fire      4%         2d5       83%         4
 Fulminant Prism          Conj/Alch      2%         3d5       83%         4
 Ignite Poison            Fire/Alch      4%         N/A       83%         4
 Leda's Liquefaction      Alch/Erth      2%         N/A       83%         4
 Martyr's Knell           Necr/Summ      4%         N/A       83%         4
 Olgreb's Toxic Radiance  Alch           4%         N/A       83%         4
 Petrify                  Alch/Erth      4%         N/A       83%         4
 Sticky Flame             Fire/Alch      4%         2d4       83%         4
 Summon Blazeheart Golem  Fire/Summ      4%         N/A       83%         4
 Summon Lightning Spire   Summ/Air       4%         N/A       83%         4
 Alistair's Intoxication  Alch           2%         N/A       99%         5
 Borgnjor's Vile Clutch   Necr/Erth      2%         N/A       99%         5
 Curse of Agony           Necr           4%         N/A       99%         5
 Fireball                 Conj/Fire      2%         3d4       99%         5
 Freezing Cloud           Conj/Ice/Air   2%         6-21      99%         5
 Iskenderun's Battlesphe  Conj           4%         2d6       99%         5
 Lee's Rapid Deconstruct  Erth           2%         3d4*      99%         5
 Metabolic Englaciation   Hex/Ice        2%         N/A       99%         5
 Silence                  Hex/Air        2%         N/A       99%         5
 Summon Mana Viper        Hex/Summ       4%         N/A       99%         5
 Yara's Violent Unravell  Hex/Alch       2%         3d3       99%         5
 Disjunction              Tloc           12%        N/A       99%         8
 Conjure Ball Lightning   Conj/Air       2%         3x3d6     100%        6
 Death Channel            Necr           2%         N/A       100%        6
 Sculpt Simulacrum        Ice/Alch       2%         N/A       100%        6
 Enfeeble                 Hex            2%         N/A       100%        7
 Malign Gateway           Summ/Tloc      7%         N/A       100%        7
 Monstrous Menagerie      Summ           2%         N/A       100%        7
 Orb of Destruction       Conj           2%         9d5       100%        7
 Spellforged Servitor     Conj/Summ      2%         N/A       100%        7
 Summon Hydra             Summ           2%         N/A       100%        7
 Borgnjor's Revivificati  Necr           2%         N/A       100%        8
 Discord                  Hex            2%         N/A       100%        8
 Ignition                 Fire           2%         3d3       100%        8
 Lehudib's Crystal Spear  Conj/Erth      2%         10d2      100%        8
 Chain Lightning          Conj/Air       2%         3d2       100%        9
 Dragon's Call            Summ           2%         N/A       100%        9
 Fire Storm               Conj/Fire      2%         8d1       100%        9
 Shatter                  Erth           2%         3d6*      100%        9
 Sublimation of Blood     Necr           Unusable   N/A       N/A         2

Dungeon Overview and Level Annotations

Branches:
Dungeon (15/15)            Temple (1/1) D:7            Lair (5/5) D:9
 Shoals (4/4) Lair:2        Snake (4/4) Lair:3        Slime (5/5) Lair:4
    Orc (2/2) D:12            Elf (3/3) Orc:2        Vaults (5/5) D:14
  Crypt (3/3) Vaults:2       Tomb (0/3) Crypt:3      Depths (4/4) D:15
    Zot (5/5) Depths:4

Altars:
Ashenzari
Cheibriados
Dithmenos
Elyvilon
Fedhas
Gozag
Hepliaklqana
Kikubaaqudgha
Makhleb
Nemelex Xobeh
Okawaru
Qazlal
Ru
Sif Muna
Trog
Uskayaw
Vehumet
Wu Jian
Xom
Yredelemnul
Zin
The Shining One
Jiyva
Lugonu

Shops:
D:6 ((=:=   D:9 [   Orc:1 (*   Orc:2 :[*(   Elf:2 (   Shoals:2 *   Shoals:3 *??
Vaults:1 ?[   Vaults:3 :(!(   Vaults:4 ?   Depths:1 :=[(   Depths:2 [
Depths:3 *   Depths:4 ?

Portals:
Hell: Lair:5 Depths:1 Depths:2 Depths:3 Depths:4
Abyss: Depths:2 Depths:3
Pandemonium: Depths:2 Depths:3
Ziggurat: Depths:1

Annotations:
Zot:5 Boris


Innate Abilities, Weirdness & Mutations

You are a lightning-filled tempest!
Your electrical attacks strike out in all directions at once.
You are incredibly evasive.
Your insubstantial body is immune to petrification, constriction, and being set on fire You are flying.
Your armour is entirely melded.
You are incapable of wielding weapons or throwing items.
You are immune to poison.
((You are very nimble when in or above water. (Stealth+, EV+, Speed+++)))
((Your lower body shifts to a powerful aquatic tail in water.))
((You are partially covered in iridescent scales. (AC +2)))
You sometimes lose your temper in combat.
You are strong-willed. (Will+)


Message History

You blast the angel!!!!
You punch the angel.
You kill the angel!
The Council accepts your kill.
Things that are here:
a +1 sacred scourge of holy wrath; a +0 robe
There is a stone staircase leading up here.
You fly upwards.
There is a stone staircase leading down here.
There is a stone staircase leading up here.
You fly upwards.
There is a stone staircase leading down here.
What level of the Dungeon? (default 1, ? - help)
A hell beast comes into view.
You feel yourself speed up.
There is a stone staircase leading up here.
You fly upwards.
There is a stone staircase leading down here.
There is a stone staircase leading up here.
You fly upwards.
Your extra speed is starting to run out.
There is a stone staircase leading down here.
There is an open door here.
You feel yourself slow down.
You feel yourself speed up.
There is a stone staircase leading up here.
You fly upwards.
There is a stone staircase leading down here.
There is a stone staircase leading up here.
You fly upwards.
There is a stone staircase leading down here.
There is a stone staircase leading up here.
You fly upwards.
There is a stone staircase leading down here.
Aiming: Dig
Press: ? - help, Shift-Dir - straight line This square is covered in magical glow.
The rock shatters into small pieces.
The now-empty wand crumbles to dust.
Your extra speed is starting to run out.
There is a staircase leading out of the dungeon here.
You have escaped!

)...####.##.##.............# #...
....####.##.##............## ###.
.......................#########.
..#..............................
..#..##.....###.......#####......
....^.................#####......
..........................+......
..#..###.##.####.###..#####......
..#......#..##..v..##.# ######.
..#......#..#.......#.# ######...
....)....#..#....§..#.###........
............#.§§§...#........#...
......##.#..#.§§§≈..#.######.#...
......####.)#.§§§≈≈.#.# #...#.
......# #..#.≈≈(≈≈.#.# ###.#.
......# #..#.≈≈§≈≈.#.########...
......# #..#.≈§(≈≈.#..........>.


There were no monsters in sight!

Vanquished Creatures
  the Royal Jelly (Slime:5)
  A pandemonium lord (D:15)
  Mara (Vaults:5)
  A dread lich (Vaults:5)
  10 orbs of fire
  4 ancient liches
  A juggernaut (Depths:4)
  Boris (twice) (Depths:2 Depths:3)
  5 Killer Klowns
  Margery (Vaults:4)
  A caustic shrike (Depths:3)
  Saint Roka (Crypt:2)
  4 curse toes
  Norris (Vaults:3)
  Jory (Vaults:4)
  13 golden dragons
  The ghost of HilariousDeathArtist the Champion of Chaos, an adept CeWn of Makhleb (Vaults:1)
  3 Tzitzimimeh
  2 doom hounds (Crypt:1)
  4 electric golems
  Jorgrun (D:13)
  A hellephant (Vaults:4)
  A walking crystal tome (Depths:3)
  Rupert (Lair:3)
  A shard shrike zombie (Crypt:3)
  16 tentacled monstrosities
  5 liches
  Zenata (Elf:2)
  An Ice Fiend (Zot:5)
  A deep elf blademaster (Elf:3)
  26 Orb Guardians (Zot:5)
  11 quicksilver dragons
  A Hell Sentinel (Zot:2)
  18 acid blobs
  Grunn (Crypt:1)
  10 titans
  5 sphinxes
  2 deep elf master archers (Elf:3)
  2 walking divine tomes (Depths:3)
  7 death cobs
  The ghost of Radamante the Marksminotaur, an adept MiFi of the Shining One (Snake:1)
  A kraken (Shoals:2)
  3 ancient champions
  12 storm dragons
  Gastronok (Lair:2)
  Donald (Orc:2)
  Kirke (Lair:3)
  7 tengu reavers
  4 protean progenitors (Zot:5)
  Roxanne (Snake:2)
  A revenant (Crypt:3)
  13 shadow dragons
  5 nagarajas (Snake:4)
  11 azure jellies
  14 draconian monks
  16 rockslimes
  4 fire giants
  3 draconian shifters
  6 draconian knights
  8 draconian scorchers
  7 frost giants
  5 deep elf sorcerers
  17 vault wardens
  4 iron dragons
  4 curse skulls
  An angel (D:8)
  9 draconian annihilators
  5 deep elf elementalists (Elf:3)
  3 orc warlords
  13 ghouls
  8 quicksilver oozes
  2 draconian stormcallers
  2 ghost moths
  15 ironbound preservers
  A broodmother (Zot:5)
  22 very ugly things
  2 reapers
  8 formless jellyfish
  20 green draconians
  16 stone giants
  27 vampire knights
  12 deep elf annihilators
  7 white draconians
  7 deep elf demonologists
  7 ironbound thunderhulks
  A war gargoyle (Vaults:5)
  17 black draconians
  10 dire elephants
  A lorocyproca (Depths:2)
  15 red draconians
  2 putrid mouths (Crypt:1)
  24 purple draconians
  11 deep elf death magi
  6 yellow draconians
  9 spark wasps
  4 eidola
  Snorg (Lair:3)
  3 merfolk javelineers (Shoals:4)
  6 jiangshi
  A blizzard demon (Zot:2)
  A green death (Depths:4)
  3 statues (Depths:2)
  The ghost of subcouture the Grappler, a journeyman TrFi of Wu Jian (D:10)
  8 merfolk impalers (Shoals:4)
  8 ettins
  Harold (Lair:1)
  6 fire dragons
  16 yaktaur captains
  8 deep elf high priests
  Josephine (Orc:1)
  An entropy weaver (Vaults:3)
  7 great orbs of eyes
  2 rakshasas (Depths:3)
  A caustic shrike simulacrum (Depths:2)
  Fannar (Orc:1)
  34 vault guards
  9 ice dragons
  4 merfolk aquamancers (Shoals:4)
  Erolcha (D:10)
  7 hydras
  A hell beast (Crypt:3)
  A juggernaut simulacrum (Depths:2)
  7 salamander tyrants
  2 catoblepae
  6 ironbound frosthearts
  A peacekeeper (Vaults:4)
  4 merfolk avatars
  18 centaur warriors
  2 ogre magi
  10 two-headed ogres
  5 death knights
  An alligator snapping turtle (Shoals:4)
  29 dancing weapons
  4 spriggan air magi
  22 naga warriors
  A fenstrider witch skeleton (Crypt:3)
  13 anacondas
  19 death yaks
  A spriggan berserker (Depths:4)
  6 boulder beetles
  2 deep troll earth magi
  6 satyrs
  3 tengu warriors
  7 vampire magi
  13 naga sharpshooters
  A bennu skeleton (Crypt:3)
  5 orc high priests
  Urug (Orc:2)
  A shock serpent (shapeshifter) (Vaults:5)
  4 deep troll shamans
  16 shock serpents
  Sonja (Lair:2)
  4 occultists
  16 hell knights
  8 salamander mystics
  3 soul eaters
  26 deep elf knights
  2 sixfirhies
  Amaemon (D:8)
  34 skeletal warriors
  3 iron trolls
  6 skysharks
  7 sea snakes
  40 deep trolls
  5 flayed ghosts
  5 glowing orange brains
  A bunyip zombie (Crypt:3)
  4 death drakes (Depths:4)
  A death drake (shapeshifter) (Vaults:5)
  7 arcanists
  A glowing orange brain (shapeshifter) (Depths:4)
  An iron giant zombie (Crypt:3)
  A mana viper (shapeshifter) (Vaults:5)
  9 deep elf archers
  18 mana vipers
  8 bog bodies
  An iron giant skeleton (Crypt:1)
  25 phantasmal warriors
  6 necromancers
  8 lindwurms
  18 naga ritualists
  36 deep elf zephyrmancers
  28 harpies
  35 deep elf pyromancers
  18 ironbound convokers
  17 orc knights
  An oklob plant (Snake:4)
  8 orc sorcerers
  2 frost giant zombies
  A shadow dragon skeleton (Vaults:1)
  19 fauns
  8 shining eyes
  14 manticores
  40 ugly things
  22 salamanders
  28 moths of wrath
  15 cyclopes
  3 meliai (D:13)
  10 centaur zombies
  2 spectral centaurs (D:10)
  5 kobold blastminers
  19 naga magi
  10 guardian serpents
  3 rust devils
  Maurice (D:8)
  9 merfolk sirens
  A dire elephant zombie (Crypt:3)
  50 black mambas
  A stone giant skeleton (Vaults:4)
  4 eyes of devastation
  A naga zombie (Crypt:3)
  17 vault sentinels
  2 gargoyles
  15 water nymphs
  A molten gargoyle (Depths:2)
  A black mamba (shapeshifter) (Vaults:5)
  9 elephants
  4 unseen horrors
  5 orange demons
  12 cane toads
  8 freezing wraiths
  2 kobold demonologists
  13 yaktaurs
  2 hellions (Crypt:3)
  7 rime drakes (Lair:4)
  4 efreet
  An iron troll zombie (Crypt:1)
  15 komodo dragons
  A steelbarb worm zombie (Crypt:1)
  A yaktaur (shapeshifter) (Vaults:5)
  3 tengu conjurers
  An ice devil (Lair:5)
  A tormentor (Depths:2)
  A great orb of eyes zombie (Crypt:3)
  2 harpy zombies (Crypt:3)
  5 guardian mummies (Crypt:3)
  A red devil (Lair:5)
  7 trolls
  A pale draconian skeleton (Crypt:2)
  A tengu simulacrum (Vaults:1)
  A hellwing (Lair:5)
  2 polar bears (Lair:5)
  2 polar bears (shapeshifter)
  27 merfolk
  A queen bee (Lair:3)
  4 hornets
  A shadow dragon simulacrum (Depths:2)
  10 wind drakes
  23 blink frogs
  An ettin zombie (Crypt:3)
  8 dream sheep
  8 glass eyes
  An ice dragon zombie (Crypt:1)
  114 slime creatures
  6 snapping turtles
  A fire dragon skeleton (Crypt:2)
  A meliai zombie (D:11)
  28 water elementals
  A black mamba zombie (Crypt:3)
  2 spriggans (Depths:4)
  2 shadows
  9 air elementals
  51 yaks
  A wyvern (shapeshifter) (D:13)
  20 wraiths
  3 centaur simulacra
  A ynoxinul (Depths:1)
  2 vampires (D:11)
  4 wyverns
  3 fire elementals
  4 steam dragons
  The ghost of nerdeater69 the Chopper, an amateur MiBe of Trog (D:3)
  7 golden eyes
  13 basilisks
  3 wargs (Orc:2)
  4 redbacks (Vaults:5)
  A small abomination (Abyss:1)
  4 vampire mosquitoes
  A glowing shapeshifter zombie (Vaults:1)
  57 nagas
  23 water moccasins
  2 acid dragons
  5 hell hounds
  A swamp drake (Lair:4)
  29 orc warriors
  2 sky beasts
  An ice beast (D:5)
  6 laughing skulls (Crypt:2)
  A lindwurm zombie (Crypt:1)
  2 black bears (D:7)
  6 ogres
  3 boggarts (Vaults:4)
  A human skeleton (Vaults:4)
  14 centaurs
  17 wolves
  An elephant skeleton (Crypt:1)
  A phantom (D:5)
  An elf simulacrum (Vaults:1)
  4 kobold brigands (D:10)
  A hog skeleton (Crypt:3)
  13 bullfrogs
  5 necrophages
  An earth elemental (Elf:1)
  2 gnoll sergeants (D:10)
  A scorpion (D:7)
  A cyclops skeleton (Crypt:2)
  A human simulacrum (Vaults:1)
  31 killer bees
  A raiju skeleton (Crypt:3)
  A shapeshifter skeleton (Crypt:2)
  10 electric eels
  4 howler monkeys
  A bombardier beetle (D:4)
  A bullfrog zombie (Crypt:3)
  2 hounds
  4 jellies
  15 orc priests
  A gnoll bouda (D:10)
  A sleepcap (D:4)
  Crazy Yiuf (D:7)
  4 iron imps (Crypt:3)
  An iguana (D:6)
  A spectral boggart (D:10)
  25 orc wizards
  A boggart zombie (D:11)
  16 hell rats
  A brain worm zombie (Crypt:2)
  An ogre skeleton (Crypt:3)
  6 mummies (Crypt:3)
  2 howler monkey zombies (D:11)
  A howler monkey skeleton (Crypt:2)
  15 gnolls
  9 adders
  A shadow imp (D:7)
  2 swamp drake skeletons
  A steam dragon skeleton (Crypt:2)
  2 white imps
  A lava snake skeleton (Crypt:1)
  2 dart slugs
  2 ribbon worms
  60 orcs
  4 bats (D:1)
  5 endoplasms
  2 giant cockroaches
  6 goblins
  5 hobgoblins
  3 jackals (D:3)
  22 kobolds
  5 quokkas
  9 ball pythons
  A frilled lizard (D:1)
  A goblin zombie (Crypt:3)
  3 rats
  4 aspiring fleshes (Zot:5)
  5 tentacles (Shoals:2)
2654 creatures vanquished.

Vanquished Creatures (others)
  A pandemonium lord (Depths:1)
  A fire giant (Depths:3)
  A draconian annihilator (Zot:3)
  A naga warrior (Snake:4)
  A naga sharpshooter (Snake:4)
  A deep elf archer (Elf:3)
  A salamander (Snake:4)
  A black mamba (Snake:4)
  An unseen horror (shapeshifter) (D:13)
  A water elemental (Shoals:4)
  A fire elemental (Elf:3)
  3 humans (Lair:3)
  A killer bee (D:10)
  2 orc priests
  An orc (Orc:1)
  A tentacle (Shoals:2)
19 creatures vanquished.

Grand Total: 2673 creatures vanquished

Notes
Turn   | Place    | Note
-------+----------+-------------------------------------------
     0 | D:1      | subcouture the Merfolk Gladiator began the quest for the
                  | Orb.
     0 | D:1      | Reached XP level 1. HP: 16/16 MP: 1/1
   148 | D:1      | Reached XP level 2. HP: 23/23 MP: 2/2
   656 | D:1      | Reached XP level 3. HP: 28/28 MP: 3/3
   919 | D:2      | Identified the +6 chain mail of Watchfulness {Rampage rN+
                  | SInv Stlth-}
  2107 | D:3      | Reached XP level 4. HP: 34/34 MP: 4/4
  2119 | D:3      | Found a faded altar of an unknown god.
  2127 | D:3      | Found a snail-covered altar of Cheibriados.
  2305 | D:3      | Found a runed translucent door.
  2309 | D:3      | Noticed nerdeater69's ghost (amateur MiBe)
  2534 | D:4      | Noticed an ogre
  2542 | D:4      | Killed an ogre
  2543 | D:4      | Reached skill level 5 in Dodging
  2543 | D:4      | Reached skill level 5 in Unarmed Combat
  2543 | D:4      | Reached skill level 1 in Shapeshifting
  2543 | D:4      | Reached XP level 5. HP: 30/41 MP: 5/5
  2860 | D:4      | Reached XP level 6. HP: 39/47 MP: 6/6
  3147 | D:5      | Entered Level 5 of the Dungeon
  3438 | D:5      | Found a sacrificial altar of Ru.
  3481 | D:5      | Noticed an ice beast
  3510 | D:5      | Killed an ice beast
  3613 | D:5      | Reached XP level 7. HP: 51/54 MP: 7/7
  4189 | D:6      | Found a stormy altar of Qazlal.
  4244 | D:6      | Found Vungo's Jewellery Shop.
  4247 | D:6      | Found Soargh's Antique Weapon Emporium.
  4248 | D:6      | Found Yfouroen's Book Boutique.
  4250 | D:6      | Found Ruyhuc's Weapon Emporium.
  4250 | D:6      | Found Qodipt's Jewellery Shop.
  4812 | D:6      | Found a shadowy altar of Dithmenos.
  4970 | D:6      | Noticed a basilisk
  5003 | D:6      | Killed a basilisk
  5117 | D:7      | Reached XP level 8. HP: 54/61 MP: 8/8
  5297 | D:7      | Found a staircase to the Ecumenical Temple.
  5312 | Temple   | Entered the Ecumenical Temple
  5329 | Temple   | Became a worshipper of the Wu Jian Council
  5405 | D:7      | Noticed a wraith
  5411 | D:7      | Reached skill level 5 in Fighting
  5427 | D:7      | Killed a wraith
  5824 | D:7      | Reached skill level 5 in Shapeshifting
  5873 | D:7      | Found a runed translucent door.
  5874 | D:7      | Noticed Crazy Yiuf
  5974 | D:7      | Reached XP level 9. HP: 67/69 MP: 9/9
  6189 | D:7      | Killed Crazy Yiuf
  6586 | D:8      | Noticed an orange demon
  6598 | D:8      | Killed an orange demon
  6605 | D:8      | Noticed Amaemon
  6980 | D:8      | Noticed a hornet
  6981 | D:8      | Noticed a deep elf pyromancer
  6985 | D:8      | Paralysed by a hornet for 1 turns
  7005 | D:8      | Killed a hornet
  7316 | D:9      | Found a staircase to the Lair.
  7318 | D:9      | Noticed a death yak
  7318 | D:9      | Noticed a death yak
  7318 | D:9      | Noticed a death yak
  7318 | D:9      | Noticed a death yak
  7348 | D:9      | Killed a death yak
  7349 | D:9      | Reached skill level 10 in Unarmed Combat
  7719 | D:9      | Noticed a death yak
  7802 | D:8      | Killed a deep elf pyromancer
  7803 | D:8      | Reached XP level 10. HP: 79/79 MP: 10/10
  8010 | D:8      | Noticed a meliai
  8316 | D:8      | Noticed a cyclops
  8328 | D:8      | Killed a cyclops
  8499 | D:8      | Killed Amaemon
  8619 | D:8      | Noticed Maurice
  8626 | D:8      | Killed Maurice
  8627 | D:8      | Reached skill level 10 in Dodging
  8892 | D:9      | Reached * piety under Wu Jian
  9082 | D:9      | Reached XP level 11. HP: 42/87 MP: 5/11
  9102 | D:9      | Reached skill level 10 in Shapeshifting
  9329 | D:9      | Found Bewny's Antique Armour Boutique.
  9378 | D:10     | Entered Level 10 of the Dungeon
  9599 | D:10     | Found a blossoming altar of Fedhas.
  9639 | D:10     | Reached ** piety under Wu Jian
  9655 | D:10     | Found a runed translucent gate.
  9659 | D:10     | Noticed subcouture's ghost (journeyman TrFi)
  9988 | D:10     | Found a bloodstained altar of Trog.
 10001 | D:10     | Noticed Erolcha
 10048 | D:9      | Noticed a death yak
 10101 | D:10     | Killed a death yak
 10328 | D:10     | Found an opulent altar of Gozag.
 10419 | D:10     | Found a glowing silver altar of Zin.
 11478 | D:9      | Noticed a death yak
 11498 | D:9      | Killed a death yak
 11512 | D:9      | Killed a death yak
 11519 | D:9      | Killed a death yak
 11520 | D:9      | Reached XP level 12. HP: 53/95 MP: 7/12
 11524 | D:9      | Killed a death yak
 11530 | D:9      | Killed a death yak
 11764 | Abyss:1  | Found a corrupted altar of Lugonu.
 11764 | Abyss:1  | Cast into level 1 of the Abyss (Erolcha)
 11804 | Abyss:1  | Noticed a starcursed mass
 11818 | Abyss:1  | Noticed a deep elf demonologist
 11829 | Abyss:1  | Gained mutation: You are vulnerable to cold. (rC-) [a
                  | neqoxec]
 11830 | D:10     | Escaped the Abyss
 11837 | D:10     | Killed Erolcha
 11956 | D:10     | Noticed a two-headed ogre
 11957 | D:10     | Noticed a centaur warrior
 11975 | D:10     | Killed a two-headed ogre
 11976 | D:10     | Reached skill level 15 in Shapeshifting
 11979 | D:10     | Killed a centaur warrior
 12011 | D:10     | Reached *** piety under Wu Jian
 12305 | D:10     | Found a runed translucent gate.
 12305 | D:10     | Found a runed translucent gate.
 12534 | D:3      | Killed nerdeater69's ghost
 14005 | D:12     | Found a staircase to the Orcish Mines.
 14006 | D:12     | Reached XP level 13. HP: 101/101 MP: 13/13
 14466 | D:12     | Found a glowing silver altar of Zin.
 14592 | D:6      | Bought the ring "Horaffow" {Will+ Str+6 Dex+3} for 603 gold
                  | pieces
 15128 | D:13     | Noticed Jorgrun
 15138 | D:13     | HP: 4/101 [meliai/divine providence (10)]
 15251 | Lair:1   | Entered Level 1 of the Lair of Beasts
 15414 | Lair:1   | Noticed Harold
 15426 | Lair:1   | Reached **** piety under Wu Jian
 15440 | Lair:1   | Killed Harold
 16625 | Lair:2   | Found a staircase to the Shoals.
 16651 | Lair:2   | Reached ***** piety under Wu Jian
 16721 | Lair:2   | Reached XP level 14. HP: 105/108 MP: 14/14
 17011 | Lair:2   | Noticed Sonja
 17018 | Lair:2   | Killed Sonja
 17094 | Lair:2   | Noticed Gastronok
 17111 | Lair:2   | Killed Gastronok
 17397 | Lair:2   | Identified the +0 robe of Vanity {Will+ Str+3}
 17703 | Lair:3   | Noticed Rupert
 17732 | Lair:3   | Killed Rupert
 17874 | Lair:3   | Noticed Kirke
 17878 | Lair:3   | Killed Kirke
 18322 | Lair:3   | Found a staircase to the Snake Pit.
 18450 | Lair:3   | Noticed Snorg
 18467 | Lair:3   | Killed Snorg
 19634 | Lair:4   | Reached ****** piety under Wu Jian
 19990 | Lair:4   | Reached XP level 15. HP: 113/113 MP: 15/15
 20157 | Lair:4   | Found a viscous altar of Jiyva.
 20157 | Lair:4   | Found a staircase to the Slime Pits.
 20758 | Lair:5   | Entered Level 5 of the Lair of Beasts
 21207 | Lair:5   | Found a burning altar of Makhleb.
 21363 | Lair:5   | Found a gateway to Hell.
 21475 | Lair:5   | Reached skill level 10 in Fighting
 22231 | D:13     | Killed Jorgrun
 22528 | D:13     | Reached skill level 15 in Unarmed Combat
 22978 | D:10     | Killed subcouture's ghost
 23198 | D:14     | Reached XP level 16. HP: 124/124 MP: 16/16
 23510 | D:14     | Found a gate to the Vaults.
 23524 | D:14     | Reached skill level 15 in Dodging
 24541 | D:15     | Entered Level 15 of the Dungeon
 24775 | D:15     | Found a staircase to the Depths.
 25395 | Orc:1    | Entered Level 1 of the Orcish Mines
 25395 | Orc:1    | Found Purhuavu's Antique Weapon Boutique.
 25423 | Orc:1    | Noticed Josephine
 25635 | Orc:1    | Killed Josephine
 25723 | Orc:1    | Noticed Fannar
 25730 | Orc:1    | Killed Fannar
 25760 | Orc:1    | Found Matrigh's Gadget Gallery.
 25764 | Orc:2    | Entered Level 2 of the Orcish Mines
 25780 | Orc:2    | Noticed Urug
 25783 | Orc:2    | Killed Urug
 25819 | Orc:2    | Found Cumalau's Book Shop.
 25827 | Orc:2    | Reached XP level 17. HP: 80/133 MP: 17/17
 25992 | Orc:2    | Identified the +0 kite shield of the Saviour {rCorr}
 25992 | Orc:2    | Noticed Donald
 26000 | Orc:2    | Killed Donald
 26167 | Orc:2    | Found a staircase to the Elven Halls.
 26328 | Orc:2    | Found Ipseir's General Store.
 26334 | Orc:2    | Bought a scroll of blinking for 105 gold pieces
 26343 | Orc:2    | Found Takeup's Antique Weapon Shop.
 26380 | Orc:2    | Found Pouhanok's Antique Armour Shop.
 26593 | Shoals:1 | Entered Level 1 of the Shoals
 27856 | Shoals:2 | Noticed a kraken
 27868 | Shoals:2 | Killed a kraken
 28045 | Shoals:2 | Found Hobuore's General Store.
 28054 | Shoals:2 | Bought an amulet of regeneration for 570 gold pieces
 28054 | Shoals:2 | Bought a potion of resistance for 190 gold pieces
 28054 | Shoals:2 | Bought a potion of cancellation for 152 gold pieces
 28054 | Shoals:2 | Bought a potion of haste for 190 gold pieces
 28570 | Shoals:3 | Found Zuesm's Magic Scroll Boutique.
 28814 | Shoals:3 | Found Haopett's Magic Scroll Emporium.
 28823 | Shoals:3 | Bought a scroll of teleportation for 45 gold pieces
 29012 | Shoals:3 | Found Zuthrouvo's General Store.
 29214 | Shoals:4 | Entered Level 4 of the Shoals
 29376 | Shoals:4 | Reached XP level 18. HP: 142/142 MP: 18/18
 29388 | Shoals:4 | Paralysed by an air elemental for 1 turns
 29426 | Shoals:4 | Identified the +5 orcbow "Vesar" {heavy, rF+ rC++}
 29611 | Shoals:4 | Identified the +5 scale mail of the Worm {Harm rPois
                  | Stlth+}
 29611 | Shoals:4 | Identified the ring of the Catamount {*Corrode Fly rElec
                  | rC+ rN+}
 29631 | Shoals:4 | Noticed a titan
 29636 | Shoals:4 | Killed a titan
 29643 | Shoals:4 | Got a barnacled rune of Zot
 29906 | Shoals:4 | Paralysed by an air elemental for 1 turns
 30319 | Lair:3   | Learned a level 2 spell: Blink
 30336 | Snake:1  | Entered Level 1 of the Snake Pit
 30436 | Snake:1  | Reached skill level 1 in Spellcasting
 30447 | Snake:1  | Reached skill level 1 in Translocations
 30487 | Snake:1  | Found a runed translucent gate.
 30487 | Snake:1  | Found a runed translucent gate.
 30487 | Snake:1  | Found a runed translucent gate.
 30487 | Snake:1  | Noticed Radamante's ghost (adept MiFi)
 30494 | Snake:1  | Identified the +10 battleaxe of Urgency {flame, *Noise Fly
                  | rCorr Str-5}
 30507 | Snake:1  | Found the +3 pair of gauntlets of War {Slay+5}
 30994 | Snake:1  | Killed Radamante's ghost
 30995 | Snake:1  | Reached XP level 19. HP: 143/150 MP: 22/22
 31043 | Snake:2  | Noticed Roxanne
 31051 | Snake:2  | Killed Roxanne
 31093 | Snake:2  | Identified the +5 rapier of Yfaunosmoqim {protect, *Corrode
                  | Str+8}
 31329 | Snake:2  | Identified a scroll of acquirement
 31410 | Snake:2  | Got the Dissertation on the Macabre Sixfirhy
 31461 | Snake:2  | Found a stormy altar of Qazlal.
 31616 | Snake:2  | You are sucked into a shaft and drop 1 floor!
 32175 | Snake:2  | Identified the +2 halberd of In Flagrante Delicto {freeze,
                  | Str+3}
 32640 | Snake:4  | Entered Level 4 of the Snake Pit
 32678 | Snake:4  | Found an ornate altar of the Wu Jian Council.
 33279 | Snake:4  | Reached XP level 20. HP: 160/160 MP: 24/24
 33455 | Snake:4  | Got a serpentine rune of Zot
 34143 | Elf:1    | Entered Level 1 of the Elven Halls
 34363 | Elf:1    | Reached skill level 5 in Translocations
 34424 | Elf:1    | Found an ancient bone altar of Kikubaaqudgha.
 34755 | Elf:1    | Identified the +0 cloak "Cimaezea" {rN+ Int+3 Dex+3}
 34778 | Elf:1    | Acquired a manual of Fire Magic
 34793 | Elf:2    | Reached skill level 15 in Fighting
 34826 | Elf:2    | Found Zomnadudwi's Antique Weapon Shop.
 34836 | Elf:2    | Reached skill level 5 in Spellcasting
 34904 | Elf:2    | Found an ancient bone altar of Kikubaaqudgha.
 35065 | Elf:2    | Found a runed translucent gate.
 35065 | Elf:2    | Found a runed translucent gate.
 35065 | Elf:2    | Found a runed translucent gate.
 35383 | Elf:2    | Reached XP level 21. HP: 168/168 MP: 28/28
 35442 | Elf:2    | Noticed Zenata
 35451 | Elf:2    | Killed Zenata
 35865 | Elf:3    | Entered Level 3 of the Elven Halls
 36138 | Elf:3    | Found Vuyqe's Vocational Training.
 36568 | Elf:3    | Identified the dragon-blood talisman of Ignis's Anger {rF-
                  | MP+9 Str+7}
 36584 | Elf:3    | Identified the +0 plate armour of Iklixab {rPois rF++ rC-
                  | MP+9}
 36596 | Elf:3    | Got the Precepts of the Lithic Retinue
 36607 | Elf:3    | Identified the blade talisman of Mikheata {rElec rPois rC-
                  | Str+4}
 36615 | Elf:3    | Identified the staff of the Twisting Stoat {rPois Will-
                  | Stlth+ Fire Air Alchemy}
 37253 | Vaults:1 | Entered Level 1 of the Vaults
 37385 | Vaults:1 | Identified the +4 falchion "Suamn" {flame, rElec Int+4}
 37622 | Elf:3    | Bought a manual of Invocations for 1520 gold pieces
 37990 | Vaults:1 | Found Nuicuif's Armour Shop.
 38030 | Vaults:1 | Found a runed translucent gate.
 38030 | Vaults:1 | Found a runed translucent gate.
 38030 | Vaults:1 | Found a runed translucent gate.
 38030 | Vaults:1 | Noticed HilariousDeathArtist's ghost (adept CeWn)
 38385 | Vaults:1 | Found Toskimul's Magic Scroll Emporium.
 38746 | Vaults:1 | Found a viscous altar of Jiyva.
 38751 | Vaults:1 | Killed HilariousDeathArtist's ghost
 38751 | Vaults:1 | Reached XP level 22. HP: 127/178 MP: 26/29
 38809 | Vaults:1 | Identified the amulet of Fyorphumn {Acrobat Int-3 Dex+3}
 38884 | Vaults:2 | Identified the +7 sling of Kokludeh {drain, Fly rElec Str-4
                  | Dex+4}
 39531 | Vaults:2 | Found a staircase to the Crypt.
 39876 | Vaults:3 | Found Nemyg's Weapon Shoppe.
 39911 | Vaults:3 | Noticed Norris
 39920 | Vaults:3 | Killed Norris
 40078 | Vaults:3 | Identified the ring "Ucoump" {rF+ rCorr MP+9 Str-3 Slay+5}
 40214 | Vaults:3 | Found Hoprairr's Distillery.
 40505 | Vaults:3 | Found Sysuc's Antique Weapon Emporium.
 40701 | Vaults:3 | Found Ybbaehuwk's Book Boutique.
 40865 | Vaults:3 | Got the Information on the Twisted Anticline
 40875 | Vaults:3 | Identified the +4 spear of Certain Death {drain, rPois rF+
                  | rC+}
 40958 | Vaults:4 | Noticed Jory
 41248 | Vaults:4 | Reached XP level 23. HP: 186/186 MP: 30/30
 41251 | Vaults:4 | Learned a level 2 spell: Lesser Beckoning
 41332 | Vaults:4 | Found Xout's Magic Scroll Boutique.
 41451 | Vaults:4 | Killed Jory
 41694 | Vaults:4 | Noticed Margery
 41699 | Vaults:4 | Killed Margery
 42062 | Vaults:4 | Paralysed by a sphinx for 4 turns
 42268 | Crypt:1  | Entered Level 1 of the Crypt
 42881 | Crypt:1  | Noticed Grunn
 42893 | Crypt:1  | Killed Grunn
 43134 | Crypt:2  | Noticed Saint Roka
 43136 | Crypt:2  | Killed Saint Roka
 43764 | Vaults:1 | Bought a scroll of acquirement for 884 gold pieces
 43766 | Vaults:1 | Acquired 612 gold pieces
 43831 | Crypt:3  | Entered Level 3 of the Crypt
 43990 | Crypt:3  | Found a corrupted altar of Lugonu.
 44099 | Crypt:3  | Reached XP level 24. HP: 175/196 MP: 30/30
 44177 | Crypt:3  | Found an ancient bone altar of Kikubaaqudgha.
 44219 | Crypt:3  | Reached skill level 27 in Shapeshifting
 44233 | Crypt:3  | Got the Volume of Cadavers
 44244 | Crypt:3  | Identified the +0 scimitar "Goblinbane" {freeze, rC+ rN+
                  | Str+2}
 44260 | Crypt:3  | Got the Spellbook of the Faeries
 44304 | Crypt:3  | Reached skill level 27 in Dodging
 44993 | Crypt:3  | Found a staircase to the Tomb.
 45508 | Depths:1 | Entered Level 1 of the Depths
 45515 | Depths:1 | Found Cocu's Armour Emporium.
 46090 | Depths:1 | Found Saovajo's Jewellery Emporium.
 46115 | Depths:1 | Found Nuoduosu's Book Shoppe.
 46208 | Depths:1 | Found Hyesm's Antique Weapon Emporium.
 46220 | Depths:1 | Found a one-way gateway to a ziggurat.
 46533 | Depths:2 | Found a radiant altar of Vehumet.
 46634 | Depths:2 | Found Tejac's Antique Armour Emporium.
 46698 | Depths:2 | Reached XP level 25. HP: 165/207 MP: 30/30
 47209 | Depths:2 | Found a one-way gate leading to the halls of Pandemonium.
 47284 | Depths:2 | Found a one-way gate to the infinite horrors of the Abyss.
 47483 | Depths:2 | Noticed Boris
 47484 | Depths:2 | Found a radiant altar of Vehumet.
 47488 | Depths:2 | Killed Boris
 47489 | Depths:2 | Identified the +4 mace "Karcho Bi Lax" {spect, ^Fragile rC-
                  | Str+6 Int+2}
 47763 | Depths:3 | Reached skill level 27 in Unarmed Combat
 47772 | Depths:3 | Noticed Boris
 47774 | Depths:3 | Killed Boris
 48063 | Depths:3 | Found a corrupted altar of Lugonu.
 48451 | Elf:3    | Bought a manual of Evocations for 1520 gold pieces
 48750 | Depths:4 | Entered Level 4 of the Depths
 48810 | Depths:3 | Reached skill level 1 in Evocations
 49285 | Depths:3 | Found Uhaod's Assorted Antiques.
 49738 | Slime:1  | Entered Level 1 of the Pits of Slime
 50192 | Slime:2  | Reached skill level 5 in Evocations
 50576 | Slime:3  | Gained mutation: Armour fits poorly on your strangely
                  | shaped body. [a shining eye]
 51138 | Slime:4  | Gained mutation: You are occasionally teleported next to
                  | monsters. [a shining eye]
 51284 | Slime:5  | Entered Level 5 of the Pits of Slime
 51324 | Slime:5  | Reached XP level 26. HP: 112/222 MP: 33/33
 51433 | Slime:5  | Noticed the Royal Jelly
 51453 | Slime:5  | Killed the Royal Jelly
 51487 | Slime:4  | HP: 1/224 [acid blob/splash of acid (14)]
 51490 | Slime:4  | Gained mutation: You have hidden genetic defects. [a
                  | shining eye]
 51493 | Slime:4  | Found a shimmering altar of Xom.
 51833 | Slime:4  | Lost mutation: You have hidden genetic defects. [potion of
                  | mutation]
 51833 | Slime:4  | Lost mutation: You are occasionally teleported next to
                  | monsters. [potion of mutation]
 51833 | Slime:4  | Lost mutation: You are vulnerable to cold. (rC-) [potion of
                  | mutation]
 51833 | Slime:4  | Gained mutation: Your magical capacity is low. (-10% MP)
                  | [potion of mutation]
 51833 | Slime:4  | Gained mutation: Your flesh is cold resistant. (rC+)
                  | [potion of mutation]
 51833 | Slime:4  | Gained mutation: You are partially covered in iridescent
                  | scales. (AC +2) [potion of mutation]
 51834 | Slime:4  | Lost mutation: You are partially covered in iridescent
                  | scales. (AC +2) [potion of mutation]
 51834 | Slime:4  | Lost mutation: Your flesh is cold resistant. (rC+) [potion
                  | of mutation]
 51834 | Slime:4  | Gained mutation: You possess an exceptional clarity of
                  | mind. [potion of mutation]
 51834 | Slime:4  | Gained mutation: Your spells are a little harder to cast,
                  | but a little more powerful. [potion of mutation]
 51834 | Slime:4  | Gained mutation: You have a pair of small horns on your
                  | head. [potion of mutation]
 52123 | Slime:5  | Identified the +2 morningstar of Earthquakes {heavy, rPois
                  | Int+4 Dex-3}
 52127 | Slime:5  | Identified the +0 scale mail of the Cockatrice {MP+9 Str+2}
 52144 | Slime:5  | Got a slimy rune of Zot
 52145 | Slime:5  | Identified the ring "Ivuodw Niso" {rPois MP-9 Str+3 Int+3
                  | SInv}
 52165 | Slime:5  | Identified the ring "Minnecs" {*Corrode rN+ Int+3 SInv}
 52171 | Slime:5  | Identified the +4 short sword "Wifiwue" {drain, ^Drain
                  | rPois rC+ Int+3}
 52194 | Slime:5  | Identified the +6 long sword "Kias" {protect, Fly Int-5
                  | SInv}
 52821 | Vaults:4 | Bought a scroll of acquirement for 1040 gold pieces
 52821 | Vaults:4 | Acquired the ring of Attua {Str+3 Int+3 Dex+2 Slay+4}
 53154 | Depths:4 | Noticed a juggernaut
 53160 | Depths:4 | Reached skill level 10 in Evocations
 53160 | Depths:4 | Killed a juggernaut
 53373 | Depths:4 | Found Lucvutiu's Magic Scroll Shoppe.
 53606 | Depths:4 | Found a gate to the Realm of Zot.
 53631 | Depths:4 | Identified the +7 morningstar of the Valley {speed, rElec
                  | rF+}
 54098 | Depths:4 | Identified the orb "Qivvac" {*Rage, Will+}
 54353 | Zot:1    | Entered Level 1 of the Realm of Zot
 54407 | Zot:1    | Learned a level 1 spell: Apportation
 54616 | Zot:1    | Reached XP level 27. HP: 209/237 MP: 31/31
 56185 | Zot:3    | Identified the +10 plate armour of Dithmenos's Favour
                  | {Dex+3 Slay+3 Stlth+}
 56575 | Zot:3    | Noticed an orb of fire
 56578 | Zot:3    | Killed an orb of fire
 56677 | Zot:3    | Reached skill level 15 in Evocations
 56700 | Zot:3    | Identified the +4 tower shield of Qoatiasunt {Rampage rN+
                  | Stlth+}
 57339 | Zot:4    | Noticed an orb of fire
 57341 | Zot:4    | Killed an orb of fire
 57350 | Zot:4    | Learned a level 3 spell: Stone Arrow
 57907 | Vaults:5 | Entered Level 5 of the Vaults
 57938 | Vaults:5 | Noticed a dread lich
 57945 | Vaults:5 | Killed a dread lich
 57960 | Vaults:5 | Reached skill level 27 in Fighting
 57967 | Vaults:5 | Identified the +10 great sword of Dismemberment {speed,
                  | Str+9 Int-4 Dex+3 Stlth-}
 58011 | Vaults:5 | Noticed Mara
 58013 | Vaults:5 | Killed Mara
 58059 | Vaults:5 | Identified the +0 robe of Love and Death {rPois Str+4
                  | Int-5}
 58182 | Vaults:5 | Noticed an ancient lich
 58189 | Vaults:5 | Killed an ancient lich
 58190 | Vaults:5 | Reached skill level 10 in Translocations
 58430 | Vaults:5 | Identified the +11 lajatang of Turmoil {elec, rPois rF-
                  | Str+5 SInv}
 58559 | Vaults:5 | Identified the +8 flail of the Sage {freeze, *Noise +Blink
                  | rC+}
 58578 | Vaults:5 | Got a silver rune of Zot
 58961 | Vaults:5 | Identified the +0 pair of boots of Greed {Fly}
 59009 | Vaults:5 | Learned a level 4 spell: Passage of Golubria
 59047 | Vaults:3 | Bought a potion of heal wounds for 110 gold pieces
 59047 | Vaults:3 | Bought a potion of curing for 66 gold pieces
 59047 | Vaults:3 | Bought a potion of heal wounds for 110 gold pieces
 59047 | Vaults:3 | Bought a potion of berserk rage for 110 gold pieces
 59873 | Zot:5    | Entered Level 5 of the Realm of Zot
 60156 | Zot:5    | Reached skill level 1 in Stealth
 60260 | Zot:5    | Noticed an orb of fire
 60262 | Zot:5    | Noticed an orb of fire
 60262 | Zot:5    | Noticed an orb of fire
 60262 | Zot:5    | Noticed an orb of fire
 60264 | Zot:5    | Killed an orb of fire
 60264 | Zot:5    | Killed an orb of fire
 60265 | Zot:5    | Noticed an orb of fire
 60265 | Zot:5    | Noticed an orb of fire
 60266 | Zot:5    | Noticed an ancient lich
 60268 | Zot:5    | Killed an orb of fire
 60269 | Zot:5    | Noticed an orb of fire
 60271 | Zot:5    | Noticed an orb of fire
 60271 | Zot:5    | Gained mutation: You are clumsy. (Dex -2) [an orb of fire]
 60272 | Zot:5    | Killed an orb of fire
 60275 | Zot:5    | Killed an orb of fire
 60277 | Zot:5    | Killed an orb of fire
 60278 | Zot:5    | Reached skill level 5 in Stealth
 60279 | Zot:5    | Gained mutation: You are vulnerable to heat. (rF-) [an orb
                  | of fire]
 60280 | Zot:5    | Killed an orb of fire
 60281 | Zot:5    | Killed an orb of fire
 60282 | Zot:5    | Killed an ancient lich
 60292 | Zot:5    | Noticed an ancient lich
 60295 | Zot:5    | Killed an ancient lich
 60395 | Zot:5    | Lost mutation: You are vulnerable to heat. (rF-) [potion of
                  | mutation]
 60395 | Zot:5    | Lost mutation: Your spells are a little harder to cast, but
                  | a little more powerful. [potion of mutation]
 60395 | Zot:5    | Gained mutation: You are very clumsy. (Dex -4) [potion of
                  | mutation]
 60395 | Zot:5    | Gained mutation: You are partially covered in large bone
                  | plates. (SH +4) [potion of mutation]
 60395 | Zot:5    | Gained mutation: Your flesh is heat resistant. (rF+)
                  | [potion of mutation]
 60396 | Zot:5    | Lost mutation: You possess an exceptional clarity of mind.
                  | [potion of mutation]
 60396 | Zot:5    | Lost mutation: Your magical capacity is low. (-10% MP)
                  | [potion of mutation]
 60396 | Zot:5    | Gained mutation: Your spells are a little harder to cast,
                  | but a little more powerful. [potion of mutation]
 60396 | Zot:5    | Gained mutation: You passively map a small area around you.
                  | [potion of mutation]
 60397 | Zot:5    | Lost mutation: You passively map a small area around you.
                  | [potion of mutation]
 60397 | Zot:5    | Lost mutation: You have a pair of small horns on your head.
                  | [potion of mutation]
 60397 | Zot:5    | Gained mutation: You are somewhat resistant to further
                  | mutation. [potion of mutation]
 60398 | Zot:5    | Lost mutation: You are partially covered in large bone
                  | plates. (SH +4) [potion of mutation]
 60398 | Zot:5    | Lost mutation: Your spells are a little harder to cast, but
                  | a little more powerful. [potion of mutation]
 60399 | Zot:5    | Lost mutation: Your flesh is heat resistant. (rF+) [potion
                  | of mutation]
 60399 | Zot:5    | Lost mutation: You are somewhat resistant to further
                  | mutation. [potion of mutation]
 60399 | Zot:5    | Lost mutation: Armour fits poorly on your strangely shaped
                  | body. [potion of mutation]
 60399 | Zot:5    | Gained mutation: You are robust. (+10% HP) [potion of
                  | mutation]
 60400 | Zot:5    | Lost mutation: You are robust. (+10% HP) [potion of
                  | mutation]
 60400 | Zot:5    | Lost mutation: You are very clumsy. (Dex -4) [potion of
                  | mutation]
 60400 | Zot:5    | Gained mutation: You are strong-willed. (Will+) [potion of
                  | mutation]
 60400 | Zot:5    | Gained mutation: You are weak. (Str -2) [potion of
                  | mutation]
 60400 | Zot:5    | Gained mutation: You are partially covered in iridescent
                  | scales. (AC +2) [potion of mutation]
 60402 | Zot:5    | Lost mutation: You are clumsy. (Dex -2) [potion of
                  | mutation]
 60402 | Zot:5    | Lost mutation: You are partially covered in iridescent
                  | scales. (AC +2) [potion of mutation]
 60402 | Zot:5    | Gained mutation: Your spells are a little easier to cast,
                  | but a little less powerful. [potion of mutation]
 60404 | Zot:5    | Lost mutation: Your spells are a little easier to cast, but
                  | a little less powerful. [potion of mutation]
 60404 | Zot:5    | Lost mutation: You are weak. (Str -2) [potion of mutation]
 60404 | Zot:5    | Gained mutation: You sometimes lose your temper in combat.
                  | [potion of mutation]
 60404 | Zot:5    | Gained mutation: You are partially covered in iridescent
                  | scales. (AC +2) [potion of mutation]
 60452 | Zot:5    | Reached skill level 10 in Spellcasting
 60871 | Zot:5    | Got the Orb of Zot
 60970 | Zot:5    | Noticed Boris
 61131 | Zot:1    | Noticed Tidaqulo the pandemonium lord
 61259 | Depths:1 | Noticed Alypaan the pandemonium lord
 61261 | Depths:1 | Killed Alypaan the pandemonium lord
 61310 | D:15     | Noticed Posoonobb the pandemonium lord
 61310 | D:15     | Noticed an ancient lich
 61311 | D:15     | Killed an ancient lich
 61311 | D:15     | Killed Posoonobb the pandemonium lord
 61652 | D:$      | Escaped with the Orb!

Illustrated notes

Levels and vault maps discovered:
D:1:      lemuel_arrival_lava_pool, layout_basic
D:2:      layout_basic
D:3:      layout_rooms, mainiacjoe_overflow_surrounded_room,
          shapermc_ecumenical_altar_flowoftime, ebering_ghost_reflecting_pool,
          minmay_misc_feat_nine_boxes, minmay_starry_boxes
D:4:      layout_gridville
D:5:      layout_cave_pods, amcnicky_altar_gilded
D:6:      cheibrodos_two_vegetables, layout_layer_cave,
          nicolae_qazlal_general_emergency, grunt_dithmenos_smoke,
          nicolae_wooded_promenade
D:7:      layout_loops_cross, minmay_temple_entry_junction,
          uniq_crazy_yiuf_cottage
D:8:      minmay_chambers_of_sixes, layout_basic, lightli_corner_chamber,
          uniq_amaemon, uniq_maurice
D:9:      layout_basic, dpeg_lair_monsters, serial_shops, shop_statue,
          columned_hall_lemuel
D:10:     layout_irregular_city, pdpol_temple_overflow_zin_treasury_gozag_greed,
          trog_three_pillars_becter, fedhas_altar_3, gammafunk_ghost_necromancy,
          evilmike_minifort, uniq_erolcha
D:11:     layout_basic, serial_undead, serial_undead_d, serial_undead_a,
          serial_undead_f, serial_undead_e, nrook_guardian_serpent_ordinary
D:12:     layout_cave_pools, orc_0_dummy, zin_treasury
D:13:     minmay_chambers_of_sevens, layout_basic, uniq_jorgrun
D:14:     layout_grid_maze, skrybe_vaults_entry_preservation
D:15:     grunt_enter_depths_giant_problem, layout_loops_ring,
          hangedman_abyss_or_decor_lesser_grid
Temple:   zaba_magenta_temple
Lair:1:   layout_regular_city, chequers_serial_rivers_large_b,
          cheibrodos_lair_caveside_slide, uniq_harold
Lair:2:   layout_cave_pods, shoals_dummy_entry, serial_bayou_shore_a,
          grunt_megastairs_3, infiniplex_staircase_pool, uniq_gastronok,
          uniq_sonja
Lair:3:   layout_layer_cave, guppyfry_snake_entry_island, special_room
          [special_room_bee], st_stairs_8, grunt_megastairs_5,
          serial_bayou_shore_b, uniq_snorg, uniq_kirke, uniq_rupert
Lair:4:   layout_roguey [special_room_mythical_zoo], slime_entry_1,
          chequers_serial_rivers_room_b, minmay_holes, guppyfry_lair_drakes
Lair:5:   evil_forest, layout_cave_pods, serial_forest,
          infiniplex_forest_lined_room_3, infiniplex_forest_end_1,
          infiniplex_forest_straight_5, infiniplex_forest_lined_2,
          infiniplex_forest_clump_double, infiniplex_forest_3_way,
          infiniplex_forest_clump_small
Shoals:1: layout_shoals
Shoals:2: layout_shoals, serial_shops, shop
Shoals:3: layout_shoals, serial_shops, shop, shop, nicolae_lakefront_shop
Shoals:4: shoals_end_hellmonk_storm_palace [storm_palace_center_circular,
          storm_palace_corner_pillars, storm_palace_corner_blocked,
          storm_palace_corner_grid, storm_palace_corner_pillars], serial_shops
Snake:1:  layout_misc_corridors, gammafunk_ghost_split
Snake:2:  nrook_guardian_serpent_snake_passage, layout_chambers, basic_altar,
          uniq_roxanne
Snake:3:  layout_rooms
Snake:4:  snake_pit, layout_cave_shapes, lemuel_oklob_altar
Slime:1:  layout_caves
Slime:2:  layout_caves
Slime:3:  cheibrodos_slime_lost_civilization_9, layout_caves
Slime:4:  layout_caves, basic_altar
Slime:5:  slime_pit_nicolae_royal_road_to_ruin
Orc:1:    layout_caves, gammafunk_ghost_berserking_beasts, serial_shops, shop,
          nicolae_shop_gadgets, uniq_fannar, uniq_josephine
Orc:2:    grunt_orc_cross, layout_caves, uniq_donald, uniq_urug
Elf:1:    nicolae_elf_arrival_fired_up, layout_geoelf_octagon, basic_altar,
          hangedman_elven_crosses_minicolossus, minmay_misc_feat_cross
Elf:2:    elven_hall_of_blades_hangedman_original [nicolae_blade_little_rooms],
          layout_gridlike, serial_shops, shop, basic_altar, uniq_zenata
Elf:3:    minmay_elf_hall_curves, layout_geoelf_castle, nicolae_shop_vocational
Vaults:1: gammafunk_ghost_ooze, v_misc_33,
          nicolae_vaults_taking_the_gang_shopping, vaults_dpeg_diagonal,
          nicolae_vaults_rhombus_7, hangedman_vaults_impose,
          nicolae_vaults_variable_pillar_hall, nicolae_vaults_diamond_1,
          nicolae_vaults_tetromino_L_2, layout_vaults_omnigrid, serial_shops,
          shop
Vaults:2: vaults_mumra_lcd, v_misc_2, minmay_crypt_entry_simple_statues,
          ontoclasm_vaults_gateway, nicolae_vaults_double_plus_1,
          nicolae_vaults_little_squares_5, nicolae_vaults_theta,
          nicolae_vaults_alarming, v_alt_pattern_2, v_misc_17,
          ontoclasm_vaults_decontamination, nicolae_vaults_wrenched, v_misc_10,
          nicolae_vaults_closet_pinwheel_4, layout_vaults_omnibox
Vaults:3: v_rooms_2, nicolae_vaults_storage_room_glass, v_misc_24,
          nicolae_vaults_offset_grid_hallway_2, vaults_room_hallway,
          hangedman_vaults_impose, v_misc_16, nicolae_vaults_little_squares_2,
          dpeg_vaults_monster_box, nicolae_vaults_storage_closets_3, v_misc_3,
          vaults_mumra_minichess_inversion, nicolae_vaults_tetromino_Z_2,
          nicolae_vaults_surprise_closet_hard, layout_vaults_omnicross,
          serial_shops, shop, nicolae_diamond_shop, shop_statue,
          nicolae_shop_behind_doors, uniq_norris
Vaults:4: v_misc_12, nicolae_vaults_stairing_the_circle,
          nicolae_vaults_closet_pinwheel_6, nicolae_vaults_ring_of_whatevers,
          nicolae_vaults_closet_pinwheel_1, nicolae_vaults_network_square,
          nicolae_vaults_trapezoid_2, nicolae_vaults_ring_of_whatevers,
          nicolae_vaults_house_3, nicolae_vaults_border_crossing,
          layout_vaults_chaotic_city, serial_shops, nicolae_shop_hallway_stairs,
          uniq_jory, uniq_xtahua, uniq_margery
Vaults:5: serial_shops, uniq_mara
Crypt:1:  layout_gridlike, feat_on_display, uniq_grunn
Crypt:2:  layout_basic, minivault_5, uniq_saint_roka
Crypt:3:  church_of_pain_bobbens, layout_chaotic_city,
          nicolae_tomb_entry_grand_gallery, minmay_misc_feat_alley,
          lemuel_hellish_altar
Depths:1: layout_cave_shapes, enter_ziggurat_b, hell_entry, serial_shops, shop,
          shop, nicolae_shop_gibbet_a_chance, shop,
          nicolae_twisty_statue_hallways
Depths:2: evilmike_halls_of_destruction, layout_basic, rand_demon_pan_entry_7,
          hell_entry, serial_shops, nicolae_shop_stone,
          nicolae_vehumet_radiance, abyss_entry_crystal, uniq_boris
Depths:3: minmay_the_grid_square_5x5_4x4_mashed [minmay_the_grid_square_5x5_tie,
          minmay_the_grid_square_5x5_hourglass,
          minmay_the_grid_square_5x5_inverted_slash,
          minmay_the_grid_square_5x5_inner_v,
          minmay_the_grid_square_5x5_broken_cross,
          minmay_the_grid_square_5x5_prize_junk,
          minmay_the_grid_square_5x5_prize_snowflake,
          minmay_the_grid_square_5x5_six_small,
          minmay_the_grid_square_5x5_doubleslash,
          minmay_the_grid_square_5x5_prize_open,
          minmay_the_grid_square_5x5_prize_open,
          minmay_the_grid_square_5x5_shuriken,
          minmay_the_grid_square_5x5_two_walls_b,
          minmay_the_grid_square_5x5_spiral_small,
          minmay_the_grid_square_5x5_misaligned,
          minmay_the_grid_square_5x5_inset], layout_honeycomb,
          grunt_hell_entry_dis_old, pan_entry, abyss_entry_flame_altar,
          serial_shops, nicolae_shop_rolling_square, infiniplex_staircase_x
Depths:4: lemuel_castle_with_subvaults [lemuel_castle_interior_carwin_3],
          layout_basic, serial_shops, nicolae_shop_rolling_square,
          minmay_misc_feat_secret_circle, hell_entry
Zot:1:    layout_misc_corridors, regret_index_zotdec_slimy_original,
          regret_index_zotdec_banners
Zot:2:    layout_concentric_octagons, hangedman_elemental_corridor
Zot:3:    cheibrodos_zot_enchanting_chambers, layout_concentric_octagons,
          regret_index_zotdec_twisting_globes
Zot:4:    layout_misc_corridors, uniq_josephina
Zot:5:    layout_gridlike

Skill      XL: |  1  2  3  4  5  6  7  8  9 10 11 12 13 14 15 16 17 18 19 20 21 22 23 24 25 26 27 |
---------------+----------------------------------------------------------------------------------+-----
Unarmed Combat | 4 5 6 7 8 10 11 12 14 15 16 18 19 20 21 22 23 24 26 27 | 27.0
Fighting       | 3 4 5 7 8 9 10 11 12 13 14 15 16 17 19 21 23 27 | 27.0
Dodging        | 5 6 7 9 10 11 14 16 18 20 21 22 23 25 26 27 | 27.0
Shapeshifting  | 1 2 4 5 7 9 13 17 20 22 23 24 25 26 27 | 27.0
Spellcasting   | 2 3 5 6 8 10 | 10.6
Translocations | 2 4 5 6 12 | 12.4
Evocations     | 7 13 18 | 18.8
Stealth        | 8 |  8.7
Throwing       | |  2.0

Action                     |  1- 3 |  4- 6 |  7- 9 | 10-12 | 13-15 | 16-18 | 19-21 | 22-24 | 25-27 || total
---------------------------+-------+-------+-------+-------+-------+-------+-------+-------+-------++-------
  Melee: Unarmed           |   128 |   130 |   308 |   643 |   816 |   873 |   805 |  1037 |  1413 ||  6153
         Punch             |     3 |     7 |    19 |    43 |    66 |    86 |   100 |   174 |   277 ||   775
         Tailslap          |       |       |     1 |    14 |     5 |       |       |       |       ||    20
  Throw: Boomerang         |       |       |       |     4 |       |       |       |       |       ||     4
   Cast: Blink             |       |       |       |       |       |       |     1 |       |     2 ||     3
         Lesser Beckoning  |       |       |       |       |       |       |       |       |     5 ||     5
 Invoke: Serpent's Lash    |       |       |       |       |     4 |       |     3 |     4 |    16 ||    27
         Heavenly Storm    |       |       |       |       |       |     2 |     3 |       |     2 ||     7
Ability: Lunge             |       |       |    14 |    47 |    79 |   119 |   117 |   119 |   172 ||   667
         Whirlwind         |       |       |       |    13 |    84 |   141 |    90 |    38 |   194 ||   560
         Blinkbolt         |       |       |       |       |       |     3 |     3 |     1 |    31 ||    38
         Wall Jump         |       |       |       |       |       |     1 |       |       |       ||     1
  Evoke: Wand              |       |       |       |       |       |       |       |       |     1 ||     1
    Use: Scroll            |       |    10 |     2 |     5 |     8 |     8 |     4 |     1 |     8 ||    46
         Potion            |       |       |     1 |     1 |     1 |       |       |       |    20 ||    23
   Stab: Sleeping          |     2 |       |       |       |     4 |     6 |     5 |     9 |     8 ||    34
         Petrified         |       |       |       |       |    12 |       |       |       |       ||    12
         Petrifying        |       |       |       |       |     1 |       |       |       |       ||     1
         Distracted        |       |       |       |       |       |     1 |     4 |     3 |     6 ||    14
 Armour: Leather armour    |    28 |       |       |       |       |       |       |       |       ||    28
         Chain mail        |    21 |    63 |   181 |   404 |   268 |       |       |       |       ||   937
         Skin              |       |       |       |       |    28 |   139 |   109 |    73 |   153 ||   502
  Dodge: Dodged            |    66 |    76 |   204 |   476 |   676 |   932 |   617 |   852 |   948 ||  4847
   Form: Blade             |       |       |       |     1 |       |       |       |       |       ||     1
         Storm             |       |       |       |       |     1 |       |     1 |       |       ||     2
                           |       |       |       |       |       |       |     1 |       |       ||     1
